[Event "Romanian Team Blitz Open 2022"]
[Site "Sebes"]
[Date "2022.12.04"]
[Round "2.8"]
[White "Cnejev, Vladimir-Alexandru"]
[Black "Zubcu, Vlad-George"]
[Result "0-1"]
[ECO "B28"]
[WhiteElo "2293"]
[BlackElo "2135"]
[Annotator "TA"]
[PlyCount "149"]
[EventDate "2022.12.04"]
[EventType "blitz"]
[EventCountry "ROU"]
[SourceTitle "playchess.com"]
[Source "ChessBase"]
[SourceQuality "1"]
[TimeControl "180+2"]

1. e4 c5 2. Nf3 e6 3. c3 d5 4. e5 a6 5. d4 Nc6 6. a3 Nge7 7. Be3 Nf5 8. Bd3 Be7 9. O-O O-O 10. b4 cxd4 11. cxd4 f6 12. Bxf5 exf5 13. Nc3 Be6 14. exf6 Bxf6 15. Qd2 h6 16. Bf4 Rc8 17. Rfe1 Bf7 18. Be5 Be7 19. Re2 ({White should try} 19. Na4 $14) 19... Bh5 $11 20. Qd3 Nxe5 21. Rxe5 Bf6 $1 22. Rxf5 $2 (22. Re3 $15) 22... Bg6 $19 23. g4 Bxf5 24. gxf5 Qd6 25. Ne2 Rfe8 26. Ng3 (26. Kg2 $17) 26... Qf4 27. Kg2 Rc4 28. Rd1 Rec8 29. Qe2 Kh7 (29... Bxd4 $2 30. Qe6+ Kh7 31. Rxd4 (31. Qxd5 Bf6 $17) 31... Rxd4 32. Nxd4 $18 (32. Qxc8 Rd3 $18)) ({Black should play} 29... Kf8 {Threatens to win with ...Rc2.} 30. Qe6 Rd8) 30. Qe6 $17 Rc3 (30... Bxd4 $2 31. Rxd4 (31. Qxd5 Bf6 $17) 31... Rxd4 32. Nxd4 $18 (32. Qxc8 Rd3 $18)) 31. Qxd5 Rxa3 32. h3 $2 (32. Re1 $17) 32... Rcc3 $19 33. Ng1 Rxg3+ 34. fxg3 Rxg3+ 35. Kh1 Qh4 (35... Qe3 $142 36. Qg2 Rxg2 37. Kxg2 Qe4+ 38. Nf3 Qe2+ 39. Kg3 Qxd1 40. d5 Qxd5 41. h4 Qxf5 42. h5 Qxh5 43. Kf4 g5+ 44. Ke4 g4 45. Nd2 Qe5+ 46. Kd3 Qd5+ 47. Kc2 g3 48. Kd1 g2 49. Kc2 g1=Q 50. b5 Qxb5 51. Nf3 Qc4+ 52. Kd2 Qgc1#) 36. Rd2 Ra3 $2 (36... Rxh3+ 37. Nxh3 Qxh3+ 38. Kg1 Qe3+ 39. Kf1 Qxd2 40. Qxb7 Qd3+ 41. Kg2 Qxd4 42. Qxa6 Qe4+ 43. Kh3 Qxf5+ 44. Kh2 Qf4+ 45. Kh3 Qh4+ 46. Kg2 Qe4+ 47. Kf1 Bd4 48. Qa3 Be3 49. Qa2 Qh1+ 50. Ke2 Qh2+ 51. Kf3 Qxa2 52. Kxe3 Qb3+ 53. Kf4 g5+ 54. Ke5 g4 55. Kf4 g3 56. b5 g2 57. Ke5 g1=Q 58. b6 Qge3+ 59. Kd6 Qbxb6+ 60. Kd7 Qee6#) 37. Qg2 $19 Ra1 $2 (37... Bxd4 38. Qg6+ Kh8 39. Qe8+ Kh7 40. Qg6+ Kh8 41. Qe8+ Kh7 42. Qg6+ $11) (37... Bg5 $19 {Hoping for ...Rg3.} 38. Re2 Qxd4 39. Qxb7 Rg3) 38. Qg6+ $11 (38. Qxb7 {leads to mate.} Bxd4 39. Qg2 Rxg1+ 40. Qxg1 Bxg1 41. Ra2 Bb6 42. Kg2 Qg5+ 43. Kf1 Qxf5+ 44. Ke1 Qb1+ 45. Kd2 Qxa2+ 46. Kd3 Qb3+ 47. Kd2 Bd4 48. Ke2 Qe3+ 49. Kd1 Qf2 50. Kc1 Qb2+ 51. Kd1 Bc3 52. h4 Qd2#) 38... Kh8 39. Qe8+ Kh7 40. Qg6+ Kh8 41. Kh2 $2 (41. Qe8+ $11 Kh7 42. Qg6+) 41... Qf4+ $19 (41... Bxd4 42. Qe8+ Kh7 43. Qg6+ Kh8 44. Qe8+ Kh7 45. Qg6+ Kh8 $11) 42. Kh1 Qe4+ $2 ({Worse is} 42... Qxd2 43. Qe8+ Kh7 44. Qg6+ Kh8 45. Qe8+ Kh7 46. Qg6+ Kh8 $11) (42... Qe3 43. Qg2 Rxg1+ $1 44. Qxg1 Qxd2) 43. Rg2 $2 (43. Qg2 $19 Qf4 44. Rf2 Qxd4 45. Re2) 43... Bxd4 ({Stronger than} 43... Qxd4 44. Qe8+ Kh7 45. Qg6+ Kh8 46. Qe8+ Kh7 47. Qg6+ Kh8 $11) 44. Kh2 Be5+ 45. Kh1 {[%emt 0:00:01] [#]} Bd4 (45... Rxg1+ $142 $1 46. Kxg1 Qe1#) 46. Kh2 $19 Qe5+ 47. Kh1 Qe4 (47... Qe3 $142 48. Qg4 Rc1) 48. Kh2 $19 b5 (48... Re1 $142 {( -> ...Be5+)} 49. Rg3 b5) 49. Ne2 (49. Nf3 $19 Ra3 50. Rg4 Ra2+ 51. Rg2 Rxg2+ 52. Kxg2 Qe2+ 53. Kg3 Bf2+ 54. Kh2 Be1+ 55. Qg2 Qxg2+ 56. Kxg2 Bxb4 57. Kf1) 49... Qe5+ $2 (49... Be5+ {mates} 50. Qg3 Bxg3+ 51. Nxg3 Qxb4 52. Re2 Ra3 53. f6 gxf6 54. Nf1 Qf4+ 55. Kg1 Rxh3 56. Re8+ Kg7 57. Re2 Rh1+ $3 58. Kxh1 Qxf1+ 59. Kh2 Qxe2+ 60. Kg3 f5 61. Kf4 Kf6 62. Kg3 Kg5 63. Kh3 Kf4 64. Kh4 Qh2#) 50. Ng3 $19 Be3 $2 (50... Ra3 $19 {White must now prevent ...Qb8.} 51. Re2 Re3 52. Rxe3 Bxe3) 51. h4 $2 {[%emt 0:00:02][%mdl 8192] [#]} (51. f6 $11 {and White has nothing to worry.} gxf6 52. Qf7) 51... Bf4 $1 $19 52. Kh3 (52. f6 $19 gxf6 53. Qd3) 52... Ra3 (52... Bxg3 $142 53. Rxg3 Rh1+ 54. Kg2 Qe4+ 55. Rf3 Rxh4 56. Kg3 Qe1+ 57. Rf2 Rc4 58. Qh5 Qg1+ 59. Rg2 Rc3+ 60. Qf3 Qe1+ 61. Rf2 Rxf3+ 62. Kxf3 Qc3+ 63. Kg2 Qxb4 64. f6 Qe4+ 65. Kg1 Qg4+ 66. Kf1 Qc4+ 67. Re2 gxf6 68. Kf2 b4 69. Kf3 b3 70. Re8+ Kh7 71. Re7+ Kg6 72. Re2 Qd4 73. Rf2 b2 74. Rf1 Qd3+ 75. Kf2 Kg5 76. Rh1 Kg4 77. Rg1+ Kf4 78. Rf1 Qd2+ 79. Kg1+ Kg3 80. Rf3+ Kxf3 81. Kh1 b1=Q#) 53. h5 Bxg3 54. Rxg3 Rxg3+ 55. Qxg3 Qxf5+ 56. Kg2 (56. Kh2 $19) 56... Qe4+ 57. Kh2 Qe2+ 58. Kg1 Qd1+ 59. Kf2 Qc2+ (59... Qd2+ $142 60. Kf1 Qd1+ 61. Kf2 Qxh5 62. Qd3 Qg4 63. Qb3 h5 64. Qa3 Kh7 65. Qxa6 Qxb4 66. Qa7 Qf4+ 67. Ke1 Qe5+ 68. Kd1 h4 69. Qd7 Kh6 70. Kc1 Qc3+ 71. Kb1 h3 72. Qe8 Qd3+ 73. Kb2 Qf3 74. Kb1 Qf5+ 75. Ka2 Qf2+ 76. Kb3 Qf3+ 77. Kb4 h2 78. Qh8+ Kg5 79. Qxg7+ Kh4 80. Qe7+ Kg3 81. Qe1+ Kh3 82. Ka5 h1=Q 83. Qe6+ Kg3 84. Qe5+ Kf2 85. Qd4+ Qe3 86. Qb2+ Kf3 87. Qf6+ Ke2 88. Qb2+ Qd2+ 89. Qxd2+ Kxd2 90. Kxb5 Qd5+ 91. Ka6 Kc3 92. Kb6 Kb4 93. Kc7 Kc5 94. Kb8 Kc6 95. Ka8 Kc7+ 96. Ka7 Qb7#) 60. Kg1 Qc1+ 61. Kf2 Qd2+ 62. Kf1 Qd1+ (62... Qxb4 $142 63. Qg6 Qf8+ 64. Ke2 a5 65. Qb1 Qe8+ 66. Kd2 Qxh5 67. Qe4 Qg5+ 68. Kd1 a4 69. Kc2 h5 70. Qf3 Qg6+ 71. Kc1 Kh7 72. Qa3 h4 73. Kb2 Qg2+ 74. Kc1 Qg5+ 75. Kb1 Qf5+ 76. Kc1 h3 77. Qd6 Qg5+ 78. Kd1 Qg1+ 79. Ke2 Qg2+ 80. Ke1 Qg1+ 81. Ke2 Qg2+ 82. Ke1 h2 83. Qd3+ g6 84. Qd7+ Kh6 85. Qd2+ Qxd2+ 86. Kxd2 h1=Q 87. Ke2 Qe4+ 88. Kf2 a3 89. Kg3 a2 90. Kh2 a1=Q 91. Kg3 Qg1+ 92. Kh3 Qeh1#) 63. Kf2 $19 Qd4+ 64. Kf1 Qf6+ (64... Qc4+ $142 65. Kg2 Qxb4 66. Qg6 Qb2+ 67. Kh3 Qe5 68. Qf7 Qe3+ 69. Kh2 Qe2+ 70. Kg3 Qe1+ 71. Kg2 Qb1 72. Kf2 b4 73. Ke3 b3 74. Qf4 Qc1+ 75. Kf3 Qxf4+ 76. Kxf4 b2 77. Kg3 b1=Q 78. Kf4 a5 79. Kf3 a4 80. Kg3 a3 81. Kf4 a2 82. Ke3 a1=Q 83. Kf3 Qd3+ 84. Kg2 Qb2+ 85. Kh1 Qf1#) 65. Ke2 $19 Qe6+ 66. Kf1 Qc4+ 67. Kg1 Qxb4 68. Qe3 Qg4+ 69. Kf2 Qxh5 70. Qb6 Qf7+ 71. Ke2 Qf6 (71... Qc4+ $142 72. Kd2 b4 73. Qg6 b3 74. Qb1 Qd4+ 75. Ke2 b2 76. Qf5 Qb6 77. Qb1 Qb5+ 78. Ke1 Qe5+ 79. Kf2 Qf4+ 80. Ke2 Qc1 81. Qf5 b1=Q 82. Qf8+ Kh7 83. Qf5+ Kg8 84. Qd5+ Kh8 85. Qd8+ Kh7 86. Qd3+ Qxd3+ 87. Kxd3 h5 88. Ke2 h4 89. Kd3 h3 90. Ke4 h2 91. Ke5 h1=Q 92. Kd6 Qhc6+ 93. Ke7 Q1c5+ 94. Kf7 Qg6#) 72. Qb8+ Kh7 73. Qc7 Qe6+ 74. Kf2 Qf5+ 75. Ke3 0-1

[Event "Romanian Team Blitz Open 2022"]
[Site "Sebes"]
[Date "2022.12.04"]
[Round "2.9"]
[White "Anton, Teodor"]
[Black "Soltanici, Ruslan"]
[Result "1-0"]
[ECO "A37"]
[WhiteElo "2438"]
[BlackElo "2357"]
[Annotator "TA"]
[PlyCount "63"]
[EventDate "2022.12.04"]
[EventType "blitz"]
[EventCountry "ROU"]
[SourceTitle "playchess.com"]
[Source "ChessBase"]
[SourceQuality "1"]
[TimeControl "180+2"]

1. Nf3 c5 2. g3 Nc6 3. Bg2 g6 4. O-O Bg7 5. c4 d6 6. Nc3 Bf5 {[%emt 0:00:01] 6...e6 is setting a new trend.} 7. d3 {[%emt 0:00:02] A37: Symmetrical English vs ...g6: 4 Bg2 Bg7 5 Nf3.} Qd7 8. Bd2 Bh3 9. Rb1 {[%emt 0:00:03] The position is equal.} h5 {[%emt 0:00:06] [#]} 10. e3 $146 (10. Bxh3 $11 Qxh3 11. Qa4) ({Predecessor:} 10. Bxh3 Qxh3 11. Ng5 Qd7 12. h4 Nh6 13. Nd5 O-O 14. e3 e6 15. Nf4 Rab8 16. Bc3 {0-1 (36) Vastrukhin,O (2420)-Alekseenko,K (2621) Yaroslavl 2018}) 10... Bxg2 $1 $15 11. Kxg2 Nh6 (11... h4 $15) 12. e4 $11 Ng4 13. a3 {[%emt 0:00:10] Prevents h4.} (13. Nh4 {looks sharper.} Bd4 14. Nb5 Bf6 15. h3) 13... Nge5 14. Nxe5 (14. Nh4 $5 ) 14... Nxe5 15. Bg5 {[%emt 0:00:17] [#] Against h4} (15. f4 $11 {keeps the balance.} Nc6 16. h4) 15... e6 ({Better is} 15... h4 $1 $17 {[%cal Rh4g3] And now ...hxg3 would win.} 16. gxh4 f6) 16. h3 Nc6 17. Qd2 Nd4 18. b4 O-O 19. Bh6 Rfe8 20. Bxg7 (20. g4 {is more complex.} Kh7 21. Be3 f5 22. exf5 gxf5 23. f3) 20... Kxg7 21. Ne2 Nxe2 22. Qxe2 b6 23. f4 d5 24. cxd5 exd5 25. e5 Rac8 26. f5 d4 27. Rbe1 Qd5+ (27... gxf5 28. Qxh5 Qd5+ 29. Kg1 Rxe5 30. Qg5+ Kf8 31. Rxe5 Qxe5 32. Rxf5 (32. Qxf5 Qxf5 33. Rxf5 cxb4 $15) 32... Qe3+ 33. Qxe3 dxe3 34. bxc5 $11) 28. Kg1 c4 29. f6+ Kh7 (29... Kg8 $11 30. Qe4 Qxe4 31. Rxe4 c3) 30. Rf5 $1 $14 {[%emt 0:00:04][%cal Of5h5] White threatens Rxh5+! and mate.} cxd3 $2 {[%emt 0:00:05][%mdl 8192] [#]} (30... gxf5 $2 {is a self mate.} 31. Qxh5+ Kg8 32. Qg5+ Kh8 33. Qg7#) (30... Rc6 $16) 31. Rxh5+ $1 Kg8 32. Qd2 {[%emt 0:00:05] Weighted Error Value: White=0.13 (very precise) /Black=0.30} 1-0

[Event "Romanian Team Blitz Open 2022"]
[Site "Sebes"]
[Date "2022.12.04"]
[Round "2.10"]
[White "Cosma, Ioan"]
[Black "David, Alexandru-Vasile"]
[Result "1/2-1/2"]
[ECO "B52"]
[WhiteElo "2368"]
[BlackElo "2404"]
[Annotator "TA"]
[PlyCount "65"]
[EventDate "2022.12.04"]
[EventType "blitz"]
[EventCountry "ROU"]
[SourceTitle "playchess.com"]
[Source "ChessBase"]
[SourceQuality "1"]
[TimeControl "180+2"]

1. e4 c5 2. Nf3 d6 3. Bb5+ Bd7 4. Bxd7+ Qxd7 5. c4 e5 6. Nc3 Nc6 7. O-O {[%emt 0:00:02] B52: Sicilian: Moscow Variation with 3...Bd7.} Be7 8. d3 {[%emt 0:00:01] 8.a3 is the fancy move.} Bd8 9. a3 {[%emt 0:00:02] White has an edge.} Nge7 10. Rb1 O-O 11. b4 f5 {[%emt 0:00:12] [#]} 12. b5 $146 ({Predecessor:} 12. exf5 Nxf5 13. Be3 b6 14. Nd2 h6 15. Nde4 Be7 16. Qg4 Kh7 17. Nd5 Rf7 18. b5 {1-0 (27) So,W (2772)-Caruana,F (2791) Chess.com INT 2021}) 12... Nd4 13. exf5 Ba5 (13... Ndxf5 $11 {was preferrable.} 14. Bg5 h6 15. Bxe7 Nxe7) 14. Nxd4 $14 cxd4 15. Ne4 Nxf5 16. Qg4 d5 17. cxd5 Qxd5 18. Bg5 (18. a4 {with more complications.} Nd6 19. Bh6 Nf5 20. Bg5) 18... Kh8 19. Rbc1 (19. a4 {is interesting.} h6 20. Bf6 Qe6 21. Bh4) 19... Bb6 (19... Qxb5 $11 {keeps the balance.} 20. Rc5 Qb6) 20. a4 $16 (20. Qh3 {looks sharper.} Rae8 21. a4 Ba5 22. Rc4) 20... Rf7 21. Rc4 Nd6 22. Nxd6 Qxd6 23. Rfc1 {[%emt 0:00:05] And now Rc8+ would win.} h6 24. Rc8+ (24. Bd2 $16) 24... Rf8 $1 $11 {[%emt 0:00:01] The position is equal.} 25. Bd2 Qa3 $1 26. Rxa8 Rxa8 27. Rc8+ Rxc8 28. Qxc8+ {[%emt 0:00:01] KQB-KQB} Kh7 29. Qf5+ (29. Qxb7 $2 {leads to mate.} Qa1+) 29... Kh8 {[%emt 0:00:01] [#] ( -> ...Qa1+)} 30. g4 Qxa4 31. Qf8+ Kh7 {[%emt 0:00:01] ...Qd1+ is the strong threat.} 32. Qf5+ Kh8 33. Qf8+ {Weighted Error Value: White=0.12 (very precise) /Black=0.12 (very precise)} 1/2-1/2

[Event "Romanian Team Blitz Open 2022"]
[Site "Sebes"]
[Date "2022.12.04"]
[Round "2.11"]
[White "Ghimpu, Samuel-Timotei"]
[Black "Itkis, Boris"]
[Result "0-1"]
[ECO "C41"]
[WhiteElo "2455"]
[BlackElo "2343"]
[Annotator "TA"]
[PlyCount "60"]
[EventDate "2022.12.04"]
[EventType "blitz"]
[EventCountry "ROU"]
[SourceTitle "playchess.com"]
[Source "ChessBase"]
[SourceQuality "1"]
[TimeControl "180+2"]

1. e4 d6 2. d4 Nf6 3. Nc3 e5 4. Nf3 Nbd7 5. Bc4 Be7 6. O-O O-O 7. Re1 c6 8. a4 h6 9. h3 Qc7 10. Be3 Re8 11. Qd2 {[%emt 0:00:06][%cal Oe3h6] C41: Philidor Defence.} Nf8 12. Bd3 {[%emt 0:00:13] [#]} Ng6 $146 ({Predecessor:} 12... g5 13. Ne2 Ng6 14. Ng3 Nf4 15. Qc3 Bf8 16. dxe5 dxe5 17. Rad1 b6 18. Bb5 Bb7 {½-½ (31) Stevens,L (2014)-Shuben,M Los Angeles 2012}) 13. Ne2 d5 14. dxe5 (14. Nxe5 $1 $14 {keeps the upper hand.} Nxe5 15. Bf4) 14... Nxe4 $17 15. Bxe4 dxe4 16. Nfd4 Qxe5 ({And not} 16... Nxe5 17. Ng3 (17. Bf4 f5 $17)) 17. Ng3 (17. Rad1 $142) 17... f5 18. Nh5 {[%emt 0:00:46] Inhibits f4.} Rd8 {[%emt 0:00:20] Hoping for ...c5.} 19. Qc3 f4 $2 {[%emt 0:00:22] [#]} ({Black should try} 19... Bd6 $19 {And now ...f4 would win.} 20. f4 Qe7) 20. Nxf4 $1 $11 Nxf4 {[%emt 0:00:09] [#]} 21. Nxc6 $1 {[%emt 0:00:02][%mdl 64] Double Attack} Qxc3 (21... Nxh3+ 22. gxh3) 22. Nxe7+ Kf7 23. bxc3 {[%emt 0:00:02] Threatens to win with Nxc8.} Nxh3+ 24. gxh3 {[%emt 0:00:01] Strongly threatening Nxc8.} Kxe7 25. Bc5+ Kf7 26. Rxe4 Be6 27. Rae1 Re8 28. h4 b6 {[%emt 0:00:11] The position is equal.} 29. Bd4 Bf5 30. Re5 Bxc2 {[%emt 0:00:07][%mdl 32768] Weighted Error Value: White=0.21 (precise) /Black=0.19 (very precise) . Loss on time!?} 0-1

[Event "Romanian Team Blitz Open 2022"]
[Site "Sebes"]
[Date "2022.12.04"]
[Round "2.12"]
[White "Bulau, Andrei-Cristian"]
[Black "Talu, Mircea"]
[Result "1-0"]
[ECO "E32"]
[WhiteElo "2154"]
[BlackElo "2327"]
[Annotator "TA"]
[PlyCount "83"]
[EventDate "2022.12.04"]
[EventType "blitz"]
[EventCountry "ROU"]
[SourceTitle "playchess.com"]
[Source "ChessBase"]
[SourceQuality "1"]
[TimeControl "180+2"]

1. d4 Nf6 2. c4 e6 3. Nc3 Bb4 4. Qc2 d6 5. Nf3 O-O 6. Bg5 b6 {[%emt 0:00:17] E32: Nimzo-Indian: Classical (4 Qc2): 4...0-0.} 7. e3 Bb7 8. Be2 Nbd7 9. O-O Bxc3 10. Bxf6 Nxf6 11. Qxc3 Ne4 12. Qc2 f5 {[%emt 0:00:03] [#]} 13. Rfd1 $146 ({Predecessor:} 13. b4 a5 14. a3 Qf6 15. Bd3 Qg6 16. Rfc1 Nd2 17. Qxd2 Bxf3 18. Bf1 Rf6 19. Kh1 {0-1 (75) Hytonen,H (2091)-Karttunen,M (2427) Finland 2014}) 13... Rf6 14. d5 Qe7 15. Rac1 Raf8 16. Nd4 e5 17. Ne6 Rxe6 (17... R8f7 $11) 18. dxe6 $16 Qxe6 (18... a5 $142) 19. Bf3 ({White should play} 19. b4) 19... Qg6 {[%emt 0:00:03] Prevents c5.} (19... a5 $142) 20. Kh1 ({White should try} 20. c5 $16) 20... f4 21. exf4 Rxf4 22. Qe2 {[%emt 0:00:08] [#]} (22. c5 $1 $16 {[%cal Rc5d6] Black must now prevent cxd6.} bxc5 23. Qb3+ Rf7 24. Rc2 (24. Qxb7 Rxf3 25. Qd5+ Kf8 $11)) 22... Qf6 (22... Nxf2+ $1 $11 23. Qxf2 e4) 23. c5 {[%emt 0:00:08] [#]} (23. Kg1 $14) 23... bxc5 {[%emt 0:00:03] [#]} (23... Rxf3 $1 $15 {stays ahead.} 24. c6 Ba6 $1 25. Qxf3 Nxf2+ 26. Kg1 Qxf3 27. gxf3 Nxd1 28. Rxd1 Be2) 24. Rd3 (24. Kg1 $1 $16) 24... c4 25. Ra3 (25. Re3 $5 d5 26. Rf1 $11 (26. Bxe4 Rxf2 27. Bxh7+ Kh8 $11)) 25... a6 $2 (25... d5 $11 {and Black stays safe.}) 26. Rxc4 $2 (26. Qxc4+ $18 Qf7 27. Qxc7 Qxc7 28. Rxc7 Nxf2+ 29. Kg1 Bxf3 30. gxf3 Nh3+ 31. Kg2) 26... Nxf2+ $1 $15 {[%emt 0:00:02][%mdl 64] Deflection} 27. Qxf2 $2 (27. Kg1 $17 Nh3+ 28. Kf1) 27... Rxc4 $19 28. h3 $2 (28. Qd2 Rd4 29. Qe1) 28... Bxf3 $2 (28... Rc1+ 29. Kh2 e4) 29. Rxf3 Rf4 30. Rxf4 Qxf4 {[%emt 0:00:01][%mdl 4096] Endgame KQ-KQ} ({And not} 30... exf4 31. Qc2 $17) 31. Qc2 Qf7 32. a4 c5 (32... Qf1+ $19 33. Kh2 c5) 33. Qd3 $15 a5 ({Better is} 33... Qe6 $15 34. Qxa6 e4 35. Qa8+ Kf7) 34. Qxd6 $11 {[%emt 0:00:01] The position is equal.} Qf1+ 35. Kh2 Qf4+ 36. Kh1 Qf1+ 37. Kh2 Qf4+ 38. Kh1 h6 39. Qd5+ Kh7 40. Qxc5 Qf1+ 41. Kh2 Qf4+ 42. Kh1 {[%emt 0:00:01][%mdl 32768] Whites escaped into a draw.   Weighted Error Value: White=0.63/Black=0.64. Sensor Board Error (Ke4/e5)?} 1-0

[Event "Romanian Team Blitz Open 2022"]
[Site "Sebes"]
[Date "2022.12.04"]
[Round "2.13"]
[White "Baratosi, Daniel"]
[Black "Miron, Lucian-Costin"]
[Result "0-1"]
[ECO "C84"]
[WhiteElo "2335"]
[BlackElo "2510"]
[Annotator "TA"]
[PlyCount "136"]
[EventDate "2022.12.04"]
[EventType "blitz"]
[EventCountry "ROU"]
[SourceTitle "playchess.com"]
[Source "ChessBase"]
[SourceQuality "1"]
[TimeControl "180+2"]

1. e4 e5 2. Nf3 Nc6 3. Bb5 a6 4. Ba4 Nf6 5. d4 exd4 6. O-O Be7 7. Re1 O-O 8. e5 Ne8 9. c3 dxc3 10. Nxc3 d6 11. exd6 Nxd6 12. Nd5 Be6 13. Bf4 {[%emt 0:00:05] C84: Closed Ruy Lopez: Unusual White 6th moves.} Nb5 14. Nxe7+ Qxe7 {[%emt 0:00:06] [#]} 15. Bxb5 $146 {[%emt 0:00:21] Black has an edge.} ({Predecessor:} 15. Ng5 Qf6 16. Nxe6 fxe6 17. Bg3 Rad8 18. Qe2 Nbd4 19. Qg4 Rd5 20. Bxc6 bxc6 21. Qe4 {½-½ (32) Guimaraes,W (2260)-Van Riemsdijk,H (2375) Rio de Janeiro 1998}) 15... axb5 16. Ng5 Ra4 (16... Rxa2 $2 17. Rxa2 h6 18. Nxe6 fxe6 19. Bg3 $18) (16... h6 {simplifies} 17. Nxe6 fxe6 18. Bg3 Rfd8) 17. Qh5 h6 $17 (17... Rxf4 $2 18. Qxh7#) 18. Nxe6 fxe6 19. Bg3 Nd4 20. b3 Ra6 21. Rac1 {[%emt 0:00:26] Against Nc2} c6 (21... Rf5 $5 22. Rxc7 Qxc7 23. Qe8+ Rf8 24. Qxf8+ Kxf8 25. Bxc7 Rxa2 $15) 22. Qe5 (22. Qg4 $1 $15 c5 23. b4) 22... Nf5 ({Better is} 22... Rd8 $1 $19 23. Rcd1 Rd5) 23. Rc2 Nxg3 (23... Rd8 $1 $17) 24. hxg3 $15 Re8 25. Rd2 Raa8 26. Red1 Qf7 27. Rd7 Re7 28. Rd8+ Rxd8 29. Rxd8+ {[%emt 0:00:02][%mdl 4096] Endgame KQR-KQR} Re8 (29... Kh7 {seems wilder.} 30. Qe4+ Qf5 31. Qb4 Qb1+) 30. Rd3 Qf5 31. Qe3 (31. Qe2 $11) 31... Re7 (31... e5 $17) 32. Rd8+ Kh7 33. Rd1 e5 34. f3 e4 35. g4 Qf6 36. Re1 {[%emt 0:00:03] [#]} ({White should play} 36. fxe4 Qe5 37. Re1) 36... Qb2 (36... exf3 $1 $17 37. Qd3+ Kg8 38. Rxe7 f2+ 39. Kf1 Qxe7 40. Kxf2 Kf7) 37. fxe4 Qxa2 {[%emt 0:00:01] Black is more active.} (37... Re5 $17 38. Re2 Qa3) 38. e5 $11 Qc2 39. e6 Qg6 40. Qe2 Qf6 41. Qc2+ Qg6 (41... Kg8 $5 42. Qe4 c5 $15) 42. Qf5 h5 $36 {[%emt 0:00:05][%mdl 2048] White is under pressure.} 43. Qxh5+ (43. Kf2 {is interesting.} Kh6 44. Kf3 Qxf5+ 45. gxf5 Kg5 46. Ke4) 43... Qxh5 44. gxh5 {[%emt 0:00:01] Threatens to win with Kf2. KR-KR} Kh6 45. Re5 {[%emt 0:00:08] Hoping for Kf2.} g6 46. hxg6 $2 (46. g4 $11) 46... Kxg6 $17 47. Kf2 Kf6 48. Rh5 Kxe6 49. g4 Rg7 ({Black should try} 49... Rd7 $17 {...Rd3 is the strong threat.} 50. Ke3 Rd1) 50. Kg3 $2 (50. Kf3 $11 {and White stays safe.}) 50... Rd7 $1 $19 51. Kf4 Rd4+ 52. Kg5 Rb4 53. Rh6+ $2 (53. Rh3 {might work better.}) 53... Kd5 54. Kf5 $2 (54. Rh1 Rxb3 55. Rd1+ Ke6 56. Re1+ Kf7 57. Rf1+ Kg7 58. Rd1) 54... Rxb3 55. g5 Rf3+ 56. Kg4 Rf1 57. Rh2 Rg1+ 58. Kf5 b4 59. g6 c5 (59... b3 $142 60. Kf6 c5 61. Rd2+ Kc4 62. Rh2 Kc3 63. Rh3+ Kb4 64. Rh7 b2 65. Rxb7+ Kc3 66. g7 c4 67. Rb8 Kc2 68. g8=R Rxg8 69. Rxg8 b1=Q 70. Kf5 c3 71. Rg7 Kb3+ 72. Ke5 Qh1 73. Rg5 Qh2+ 74. Ke6 c2 75. Rc5 Qh6+ 76. Kf7 Qf4+ 77. Ke6 Qe3+ 78. Kd5 Qxc5+ $3 79. Kxc5 c1=Q+ 80. Kd6 Qg5 81. Kd7 Kc4 82. Kd6 Kb5 83. Ke6 Kc6 84. Kf7 Kd7 85. Kf8 Ke6 86. Ke8 Qg8#) 60. Rd2+ Kc4 61. Re2 Kc3 (61... b3 $142 62. g7 Rxg7 63. Rh2 Kb4 64. Rh1 c4 65. Kf6 {[#]} b2 $1 66. Kxg7 c3 67. Rb1 Kb3 68. Re1 c2 69. Rh1 b1=Q 70. Rh3+ Ka2 71. Rh5 Qb2+ 72. Kf7 c1=Q 73. Ra5+ Kb1 74. Kg6 Qc6+ 75. Kh7 Qcf6 76. Ra1+ Kxa1 77. Kg8 Qg7#) 62. Re4 {[%emt 0:00:03] [#]} Rxg6 $3 {[%emt 0:00:04][%mdl 512] Black mates.} 63. Kxg6 {[%emt 0:00:01] KR-K3P} b3 64. Kf5 b2 65. Re1 Kc2 66. Re2+ Kb3 67. Re1 Ka2 68. Re2 Ka1 {[%emt 0:00:01] Weighted Error Value: White=0.75/Black=0.37} 0-1

[Event "Romanian Team Blitz Open 2022"]
[Site "Sebes"]
[Date "2022.12.04"]
[Round "2.14"]
[White "Secheres, Adrian-Simion"]
[Black "Nagy-Elek, Tamas"]
[Result "1-0"]
[ECO "E68"]
[WhiteElo "2365"]
[BlackElo "1976"]
[Annotator "TA"]
[PlyCount "81"]
[EventDate "2022.12.04"]
[EventType "blitz"]
[EventCountry "ROU"]
[SourceTitle "playchess.com"]
[Source "ChessBase"]
[SourceQuality "1"]
[TimeControl "180+2"]

1. d4 d6 2. c4 e5 3. Nf3 Nd7 4. Nc3 g6 5. g3 Bg7 6. Bg2 Ngf6 7. O-O O-O 8. h3 h6 9. e4 Nh7 10. Be3 {[%emt 0:00:08] E68: King's Indian: Fianchetto: 6...Nbd7 7 0-0 e5 8 e4.} f5 (10... Ng5 $14) 11. exf5 $18 gxf5 {[%emt 0:00:02] [#]} 12. Qd2 $146 {[%emt 0:00:01] White is clearly better.} ({Predecessor:} 12. dxe5 dxe5 13. Qd5+ Rf7 14. Qd2 Qf8 15. Nh4 f4 16. Ng6 fxe3 17. fxe3 Qd6 18. Bd5 {1-0 (37) Bogosavljevic,B (2523)-Jusic,Z (2358) Osijek 2012}) 12... h5 13. Nh4 f4 $2 (13... c6 {might work better.}) 14. Bd5+ Rf7 15. Bxf7+ Kxf7 16. Qd3 (16. dxe5 $1 $18 Nxe5 17. Bxf4) 16... Kg8 $2 (16... Ndf8 $16) 17. Bd2 $2 (17. Qg6 Ndf8 18. Qxh5 fxe3 19. fxe3 Qg5 20. Qxg5 (20. Qf3 exd4 21. exd4 Bxh3 $17) 20... Nxg5 $11) (17. dxe5 $1 $18 {White threatens Qd5+ and mate.} Ng5 18. Qd5+ (18. gxf4 Nxh3+ 19. Kg2 Qxh4 $17) 18... Kh7 19. Bxf4 (19. gxf4 Nxh3+ 20. Kg2 Qxh4 $15) 19... Nxh3+ 20. Kh1 Nxf4 21. Qe4+ Kg8 22. exd6 (22. Qxf4 Nxe5 23. Nd5 Bh3 $18)) 17... Ng5 $2 (17... exd4 $16 {was worth a try.} 18. Nd5 (18. Qg6 $2 Ne5 $19) 18... Ne5) 18. gxf4 exf4 19. Bxf4 (19. Ng6 $142) 19... Nf8 (19... Nc5 $142 20. Qg3 (20. dxc5 Nxh3+ 21. Kh2 Qxh4 $16) 20... Nge4 21. Nxe4 Nxe4) 20. Bxg5 ({Much less strong is} 20. Nf5 $6 Ng6 21. Nd5 Nxf4 22. Nxf4 Qf8 $18) 20... Qxg5+ 21. Qg3 $2 (21. Ng2 $1 $18 {and the rest is easy.}) 21... Qxg3+ $16 22. fxg3 Bxh3 23. Rf4 Ne6 24. Re4 {[%emt 0:00:00] Kh2 is the strong threat.} Bxd4+ 25. Kh2 {[%emt 0:00:00] Hoping for Rxd4.} Bg4 26. Nb5 (26. Rae1 $14) 26... Bb6 {[%emt 0:00:02] A strong pair of Bishops.} (26... Bxb2 $11 {remains equal.} 27. Rf1 Rf8 28. Rxf8+ Kxf8 29. Nxa7 Ke8) 27. Rae1 $36 {[%emt 0:00:00][%cal Oe4g4][%mdl 2048] Black must now prevent Rxg4+! White is really pushing. White is more active.} a6 {[%emt 0:00:02] [#]} 28. Nc3 Ng5 (28... Nc5 $16 {is a better defense.}) 29. Rf4 $18 {[%emt 0:00:00] aiming for Rf6.} Rf8 {[%emt 0:00:02] Prevents Rf6.} 30. Rxf8+ Kxf8 {[%emt 0:00:06] [#]} 31. Nd5 $1 {[%emt 0:00:00] Inhibits c6.} Ne6 (31... Bd4 {keeps fighting.} 32. Nxc7 Bxb2) 32. Nxb6 cxb6 {[%emt 0:00:00][%mdl 4096] Endgame KRN-KBN} 33. Kg2 Ke7 34. Kf2 Kd7 35. Ng2 Ng5 36. Ke3 Be6 (36... Nf3 $142) 37. b3 Nf7 38. Nf4 Bg4 39. Rh1 Ne5 40. Nxh5 Nc6 (40... Bf3 $142) 41. Nf6+ {[%emt 0:00:00] Weighted Error Value: White=0.35/Black=0.61} 1-0